 Dungeon Crawl Stone Soup version 0.20-a0-945-g3bf614a (webtiles) character file.

858 M4edhros the Sneak (level 8, 0/56 HPs)
             Began as an Octopode Artificer on Apr 2, 2017.
             Slain by an orc warrior
             ... wielding a +0 trident
              (11 damage)
             ... on level 7 of the Dungeon.
             The game lasted 00:08:28 (2965 turns).

M4edhros the Sneak (Octopode Artificer)             Turns: 2965, Time: 00:08:28

Health: 0/56       AC:  9    Str: 10    XL:     8   Next: 2%
Magic:  10/10      EV: 14    Int: 13    God:
Gold:   319        SH:  0    Dex: 14    Spells: 4/7 levels left

rFire    . . .     SeeInvis .   w - +2 trident (distort)
rCold    + . .     Gourm    .   (no shield)
rNeg     . . .     Faith    .   (helmet restricted)
rPois    .         Spirit   .   (no amulet)
rElec    .         Reflect  .   i - +6 ring of protection
rCorr    .         Harm     .   o - ring of protection from cold
MR       .....                  E - ring of stealth
Stlth    +++++.....             (no ring)
Regen    0.2/turn               (no ring)
MPRegen  0.2/turn               (no ring)
                                (no ring)
                                (no ring)

@: no status effects
A: almost no armour, stealthy swim, amphibious, 8 rings, constrict 8, tentacle
spike 1, thin metallic scales 1, camouflage 1, robust 1, weak 1, gelatinous body
1
a: no special abilities


You were on level 7 of the Dungeon.
You were hungry.

You visited 2 branches of the dungeon, and saw 8 of its levels.

You collected 319 gold pieces.

Inventory:

Hand Weapons
 a - a +0 short sword
 t - the +0 mace "Guam" {pain, rN+ Dex+3}
   (You found it on level 4 of the Dungeon)

   In the hands of one skilled in necromantic magic, it inflicts extra damage on
   living creatures.
   It affects your dexterity (+3).
   It protects you from negative energy.
 u - a +3 quarterstaff of chaos
 w - a +2 trident of distortion (weapon)
 D - a cursed +0 trident
Jewellery
 i - a +6 ring of protection (left tentacle)
 o - a ring of protection from cold (right tentacle)
 E - a ring of stealth (on tentacle)
Wands
 b - a wand of flame (12/48)
 c - a wand of enslavement (14/24)
 d - a wand of random effects (9/48)
 x - a wand of lightning (8/15)
Scrolls
 k - a scroll of fog {unknown}
 n - 2 scrolls of remove curse
 r - a scroll of recharging {unknown}
 y - 6 scrolls of teleportation {unknown}
 A - a scroll of identify
Potions
 e - a potion of heal wounds {unknown}
 g - 2 potions of mutation
 h - 3 potions of curing {unknown}
 j - 2 potions of lignification {unknown}
 m - a potion of degeneration {unknown}
 s - 2 potions of cancellation
 v - a potion of brilliance {unknown}
 z - a potion of flight {unknown}
Books
 q - a book of Minor Magic

   Spells                             Type                      Level
   a - Magic Dart                     Conjuration                  1
   b - Blink                          Translocation                2
   c - Call Imp                       Summoning                    2
   d - Slow                           Hexes                        2
   e - Conjure Flame                  Conjuration/Fire             3
   f - Mephitic Cloud                 Conjuration/Poison/Air       3
 B - a book of Frost

   Spells                             Type                      Level
   a - Freeze                         Ice                          1
   b - Throw Frost                    Conjuration/Ice              2
   c - Ozocubu's Armour               Charms/Ice                   3
   d - Throw Icicle                   Conjuration/Ice              4
   e - Summon Ice Beast               Ice/Summoning                4
Comestibles
 f - 2 bread rations
 l - 3 royal jellies
 p - 2 meat rations
 C - 2 fruits


   Skills:
 + Level 2.6 Fighting
 - Level 1.0 Short Blades
 + Level 3.5 Dodging
 - Level 7.0 Stealth
 + Level 2.8 Unarmed Combat
 + Level 3.0 Conjurations
 + Level 2.4 Air Magic
 + Level 3.1 Poison Magic
 - Level 3.2 Evocations


You had 4 spell levels left.
You knew the following spells:

 Your Spells              Type           Power        Failure   Level  Hunger
a - Mephitic Cloud        Conj/Pois/Air  #.......     34%         3    ####...


Dungeon Overview and Level Annotations

Branches:
Dungeon (7/15)             Temple (1/1) D:5

Altars:
Ashenzari
Dithmenos
Elyvilon
Fedhas
Kikubaaqudgha
Makhleb
Nemelex Xobeh
Okawaru
Qazlal
Ru
Sif Muna
Trog
Vehumet
Xom
Yredelemnul
Zin
The Shining One

Shops:
D:4 (=[:

Annotations:
D:4 Welfe's ghost, amateur DDFi
D:5 Uristic's ghost, novice DrSk
D:6 exclusion: statue
D:7 1 exclusion


Innate Abilities, Weirdness & Mutations

You cannot wear most types of armour.
You are very stealthy in the water. (Stealth+)
You are amphibious.
You can wear up to eight rings at the same time.
You can use your tentacles to constrict eight enemies at once.
Your skin changes colour to match your surroundings (Stealth+).
Your rubbery body absorbs attacks. (AC +1, EV +1)
One of your tentacles bears a spike.
You are partially covered in thin metallic scales. (AC +2)
You are robust. (+10% HP)
You are weak. (Str -2)


Message History

You have reached level 8!
This wand has 12 charges left.
Found 7 sling bullets.
Found an escape hatch in the ceiling.
Found a stone staircase leading up.
Really attack your orc warrior?
You hit your orc warrior.
The orc warrior is no longer charmed.
You grab the orc warrior.
You pierce the orc warrior, but do no damage.
The orc warrior is severely wounded.
The orc warrior struggles to blink free from constriction.
You constrict the orc warrior, but do no damage.
The orc warrior hits you with a trident!
* * * LOW HITPOINT WARNING * * *
You hit the orc warrior but do no damage.
The orc warrior looks slightly unstable.
You pierce the orc warrior, but do no damage.
The orc warrior is severely wounded.
You constrict the orc warrior, but do no damage.
The orc warrior hits you with a trident!
You die...

###### #
#################
................#
###############.#
##.## #...#
#.o.#######
#..@.......
#....#.....
#..).# ...#
#....# ..# #....#
.. ##.#.# # #( <#
#. <.


You could see an orc warrior.

Vanquished Creatures
  Menkaure (D:6)
  A bullfrog (D:7)
  2 wights (D:6)
  2 crimson imps (D:6)
  2 orc priests
  Crazy Yiuf (D:4)
  A bullfrog skeleton (D:6)
  An iguana (D:4)
  3 orc wizards
  2 worker ants (D:4)
  4 gnolls (D:5)
  6 adders
  An ooze (D:5)
  An adder skeleton (D:4)
  A worm (D:5)
  A dart slug (D:1)
  A leopard gecko (D:6)
  12 orcs
  4 giant cockroaches
  7 goblins
  3 hobgoblins
  2 quokkas
  4 bats (D:1)
  4 frilled lizards
  A kobold (D:1)
  A leopard gecko skeleton (D:6)
  7 rats
76 creatures vanquished.

Vanquished Creatures (others)
  2 wights (D:6)
  A jelly (D:6)
  An orc (D:5)
4 creatures vanquished.

Grand Total: 80 creatures vanquished

Notes
Turn   | Place    | Note
-------+----------+-------------------------------------------
     0 | D:1      | M4edhros the Octopode Artificer began the quest for the Orb.
     0 | D:1      | Reached XP level 1. HP: 13/13 MP: 3/3
    34 | D:1      | Reached skill level 2 in Stealth
    80 | D:1      | Reached skill level 3 in Stealth
    80 | D:1      | Reached XP level 2. HP: 10/18 MP: 4/4
   366 | D:1      | Reached skill level 4 in Stealth
   396 | D:2      | Reached XP level 3. HP: 23/23 MP: 5/5
   675 | D:3      | Found an ancient bone altar of Kikubaaqudgha.
   745 | D:4      | Found Uxkoudwo's Antique Armour Shoppe.
   772 | D:4      | Found Mirras's Book Emporium.
   802 | D:5      | Entered Level 5 of the Dungeon
   815 | D:5      | Noticed Uristic's ghost (novice DrSk)
   821 | D:4      | Found Asumaqi's Antique Weapon Shop.
   880 | D:4      | Reached skill level 5 in Stealth
   880 | D:4      | Reached XP level 4. HP: 28/28 MP: 6/6
   887 | D:4      | Learned a level 3 spell: Mephitic Cloud
   927 | D:4      | Found a runed door.
   934 | D:4      | Got a pitted mace
   935 | D:4      | Identified the cursed +0 mace "Guam" {pain, rN+ Dex+3} (You found it on level 4 of the Dungeon)
   945 | D:4      | Noticed Crazy Yiuf
   951 | D:4      | Killed Crazy Yiuf
   951 | D:4      | Reached skill level 6 in Stealth
   973 | D:4      | Noticed Welfe's ghost (amateur DDFi)
  1158 | D:4      | Reached XP level 5. HP: 29/33 MP: 7/7
  1172 | D:4      | Found Tisch's Jewellery Emporium.
  1183 | D:4      | Reached skill level 7 in Stealth
  1211 | D:4      | Gained mutation: You are partially covered in thin metallic scales. (AC +2) [potion of mutation]
  1211 | D:4      | Gained mutation: One of your tentacles bears a spike. [potion of mutation]
  1211 | D:4      | Gained mutation: You are weak. (Str -2) [potion of mutation]
  1211 | D:4      | Gained mutation: You are robust. (+10% HP) [potion of mutation]
  1365 | D:4      | Found a shadowy altar of Dithmenos.
  1430 | D:5      | Found a staircase to the Ecumenical Temple.
  1441 | Temple   | Entered the Ecumenical Temple
  1776 | D:4      | Reached skill level 1 in Conjurations
  1911 | D:5      | Reached skill level 1 in Unarmed Combat
  2072 | D:5      | Reached skill level 1 in Poison Magic
  2191 | D:5      | Reached XP level 6. HP: 41/41 MP: 8/8
  2204 | D:6      | Reached skill level 1 in Air Magic
  2544 | D:6      | Found a radiant altar of Vehumet.
  2583 | D:6      | Reached XP level 7. HP: 46/48 MP: 9/9
  2646 | D:6      | Noticed Menkaure
  2654 | D:6      | Killed Menkaure
  2739 | D:6      | Found a burning altar of Makhleb.
  2961 | D:7      | Reached XP level 8. HP: 22/56 MP: 10/10
  2965 | D:7      | Slain by an orc warrior

Vault maps used:
D:1:      sevenhm_arrival_forest_fort_small_3
D:2:      minmay_roachtagon, overflow_temple_1_default, first_bread
D:3:      lemuel_crystal_altar, lemuel_coloured_pillars_altar
D:4:      kennysheep_mini, serial_shops, shop, nicolae_shop_stone,
          nicolae_shop_statue_plus, shop_coins, nicolae_shop_crystal,
          minmay_misc_feat_pillars, uniq_crazy_yiuf_cottage
D:5:      minmay_temple_entry_mist
D:6:      vehumet_statue, basic_altar, uniq_menkaure
D:7:      lemuel_ratsnest, lemuel_round_altar
Temple:   dshaligram_water_room_temple

Skill      XL: |  1  2  3  4  5  6  7 |
---------------+----------------------+-----
Stealth        | 3 4 5 6 7 |  7.0
Conjurations   | 1 2 3 |  3.0
Unarmed Combat | 1 2 |  2.8
Poison Magic   | 1 2 3 |  3.1
Air Magic      | 1 2 |  2.4
Fighting       | 2 |  2.6
Dodging        | 3 |  3.5
Short Blades   | |  1.0
Evocations     | |  3.2

Action                   |  1- 3 |  4- 6 |  7- 9 || total
-------------------------+-------+-------+-------++-------
Melee: Short sword       |    73 |    53 |       ||   126
       Constrict         |    24 |    20 |    14 ||    58
       Tentacles         |     8 |    15 |     9 ||    32
       Trident           |       |    56 |    48 ||   104
       Kick              |       |    18 |     8 ||    26
       Punch             |       |       |     1 ||     1
Evoke: Wand              |       |     6 |     4 ||    10
  Use: Scroll            |       |     7 |       ||     7
       Potion            |       |     2 |       ||     2
 Stab: Sleeping          |     6 |     9 |     4 ||    19
  Eat: Chunk             |       |     5 |     1 ||     6
Armor: Skin              |    13 |    20 |    16 ||    49
Dodge: Dodged            |    58 |    56 |    10 ||   124
